 Dungeon Crawl Stone Soup version 0.23.2 (webtiles) character file.

Game seed: 3125851553556684192

438 teukkam the Skirmisher (level 6, 0/56 HPs)
             Began as a Minotaur Fighter on Apr 1, 2019.
             Slain by Grinder (3 damage)
             ... on level 6 of the Dungeon.
             The game lasted 00:07:08 (1520 turns).

teukkam the Skirmisher (Minotaur Fighter)           Turns: 1520, Time: 00:07:10

Health: 0/56       AC:  7    Str: 27    XL:     6   Next: 69%
Magic:  5/5        EV:  8    Int:  5    God:
Gold:   114        SH: 10    Dex: 10    Spells: 5/5 levels left

rFire    . . .     SeeInvis .   a - +0 war axe
rCold    . . .     Gourm    .   c - +0 shield
rNeg     . . .     Faith    .   i - +0 scale mail
rPois    .         Spirit   .   (helmet restricted)
rElec    .         Reflect  .   (no cloak)
rCorr    .         Harm     .   (no gloves)
MR       .....                  (no boots)
Stlth    ..........             (no amulet)
HPRegen  0.18/turn              (no ring)
MPRegen  0.09/turn              (no ring)

@: mighty
A: retaliatory headbutt, horns 2
a: no special abilities


You were on level 6 of the Dungeon.
You were not hungry.

You visited 1 branch of the dungeon, and saw 6 of its levels.
You also visited: Sewer.

You collected 114 gold pieces.

Inventory:

Hand Weapons
 a - a +0 war axe (weapon)
 b - a +0 hunting sling
 l - a +0 blowgun
Missiles
 j - 27 stones (quivered)
 k - 13 sling bullets
 m - 11 poisoned needles
Armour
 c - a +0 shield (worn)
 i - a +0 scale mail (worn)
Jewellery
 x - an uncursed ring of protection from fire {unknown}
Wands
 u - a wand of random effects (9)
Scrolls
 e - 2 scrolls of remove curse
 g - 2 scrolls of teleportation {unknown}
 o - a scroll of magic mapping {unknown}
 q - a scroll of fear {unknown}
 s - a scroll of enchant armour {unknown}
 v - a scroll of identify {unknown}
Potions
 d - a potion of might
 h - 2 potions of curing
 n - a potion of haste
 p - a potion of flight {unknown}
 r - 2 potions of magic {unknown}
 w - a potion of resistance {unknown}
Comestibles
 f - 2 rations
 t - a chunk of flesh


   Skills:
 + Level 5.3 Fighting
 + Level 4.2 Axes
 + Level 3.0 Slings
 + Level 5.3 Armour
 + Level 5.2 Shields


You had 5 spell levels left.
You didn't know any spells.
Your spell library was empty.

Dungeon Overview and Level Annotations

Branches:
Dungeon (6/15)
 Temple: D:4-7

Altars:
Gozag

Annotations:
D:6 Grinder


Innate Abilities, Weirdness & Mutations

You reflexively headbutt those who attack you in melee.
You have a pair of horns on your head.


Message History

Grinder hits you.
You writhe in agony.
* * * LOW HITPOINT WARNING * * *
You feel better. Grinder gestures at you. Pain shoots through your body!
You block Grinder's attack.
Okay, then.
Wield which item (- for none, * to show all)? (? for menu, Esc to quit)
Okay, then.
You feel very mighty all of a sudden. Grinder hits you!
* * * LOW HITPOINT WARNING * * *
You writhe in agony.
* * * LOW HITPOINT WARNING * * *
You closely miss Grinder. You headbutt Grinder!!
Grinder is heavily wounded.
You block Grinder's attack. Grinder closely misses you.
You furiously retaliate!
You headbutt Grinder! Grinder hits you!
* * * LOW HITPOINT WARNING * * *
You writhe in agony.
You die...

.<....# ......
...... # ## .... .
#.. ..#### .##
#...######....##..##
#....@5Zgg..........
#.....##gg........#.
#####.##............
#.?#...(.......#
##.#............
.#l..........#
.....###.......
##.### ###.)#. #.
#.#


You could see Grinder, 4 gnolls and a wyvern zombie.

Vanquished Creatures
  An ice beast (D:5)
  A big kobold (Sewer)
  A howler monkey (D:6)
  A crimson imp (D:6)
  A jelly (D:6)
  2 worker ants (D:5)
  A hound skeleton (D:4)
  2 worker ant zombies
  3 adders
  2 river rats (Sewer)
  4 oozes (Sewer)
  3 orcs (D:5)
  3 ball pythons
  A giant cockroach (D:3)
  2 hobgoblins
  8 kobolds
  A quokka (D:4)
  3 bats
  3 goblins
  2 rats (Sewer)
45 creatures vanquished.

Notes
Turn   | Place    | Note
-------+----------+-------------------------------------------
     0 | D:1      | teukkam the Minotaur Fighter began the quest for the Orb.
     0 | D:1      | Reached XP level 1. HP: 19/19 MP: 0/0
   135 | D:3      | Reached XP level 2. HP: 27/27 MP: 1/1
   210 | D:3      | Found an opulent altar of Gozag.
   265 | D:5      | Entered Level 5 of the Dungeon
   364 | D:5      | Reached XP level 3. HP: 33/33 MP: 2/2
   371 | D:5      | Found a glowing drain.
   375 | D:5      | Reached skill level 1 in Slings
   386 | Sewer    | Entered a sewer
   571 | Sewer    | Reached XP level 4. HP: 40/40 MP: 3/3
   580 | Sewer    | Noticed a big kobold
   600 | Sewer    | Killed a big kobold
   600 | Sewer    | Reached XP level 5. HP: 41/47 MP: 4/4
   872 | D:5      | Noticed an ice beast
   877 | D:5      | Killed an ice beast
   877 | D:5      | Reached skill level 5 in Armour
   912 | D:5      | Reached XP level 6. HP: 41/55 MP: 5/5
   952 | D:5      | Reached skill level 5 in Fighting
  1477 | D:6      | Reached skill level 5 in Shields
  1509 | D:6      | Noticed Grinder
  1520 | D:6      | Slain by Grinder

Skill      XL: |  1  2  3  4  5  6 |
---------------+-------------------+-----
Fighting       | 4 5 |  5.3
Armour         | 4 5 |  5.3
Shields        | 4 5 |  5.2
Slings         | 1 2 3 |  3.0
Axes           | 3 4 |  4.2

Action                   |  1- 3 |  4- 6 || total
-------------------------+-------+-------++-------
Melee: War axe           |    42 |    99 ||   141
       Headbutt          |     6 |    13 ||    19
 Fire: Hunting sling     |     2 |     6 ||     8
  Use: Scroll            |     1 |       ||     1
       Potion            |     1 |     2 ||     3
  Eat: Chunk             |       |     2 ||     2
Armor: Scale mail        |    24 |    42 ||    66
Dodge: Dodged            |    12 |    25 ||    37
Block: Shield            |    26 |    51 ||    77
